Unix NetHack Version 5.0.0-0 post-release - last build Jun 10 2026 00:39:30 (3ee93aec679c4c4259841fe613dc97188e26a321,branch:main).

Game began 2026-06-14 19:49:07, ended 2026-06-14 19:58:04.

ARFwashere, lawful male dwarven Archeologist

                     -----------
                     |..........
                     |(........|
                     |.......<.|
                     ---------|-
                              #
                              #
       # #                    #
     --|-.--                  #
     ||..@.|          #########
     |.f.M>|##0##########
     |......#### --+----.--
     ----+--#  # |........|                 |
                 |.........         ........|
                 +........|          --------
                 ----------

ARFwashere the Field Worker  St:12 Dx:9 Co:13 In:16 Wi:16 Ch:9  Lawful
Dlvl:4  $:1404 HP:0(26) Pw:16(16) AC:8  Xp:3 T:1359 

Latest messages:
 You kill the grid bug!
 You hear the footsteps of a guard on patrol.
 Your acid blob corpse rots away.
 You swap places with your kitten.
 You hear water falling on coins.
 You descend the stairs.
 In what direction? j
 The door opens.
 The gecko bites!
 You miss the gecko.
 The gecko bites!
 You hit the gecko.
 You hit the gecko.
 You kill the gecko!
 $ - 13 gold pieces (1404 in total).
 You swap places with your kitten.
 With great effort you move the boulder.
 You descend the stairs.
 You climb up the stairs.
 You swap places with your kitten.
 In what direction? k
 The door resists!
 Ouch!  You bump into a door.
 In what direction? k
 The door opens.
 In what direction? j
 This door is locked.
 What do you want to use or apply? [ae-hko or ?*] k
 In what direction? j
 You set the figurine beside you and it transforms.
 In what direction? j
 You see no door there.
 Pick a monster, object or location.
 Move cursor to a monster, object or location:
 M        a mummy (orc mummy)
 You miss the orc mummy.
 The orc mummy hits!
 You hit the orc mummy.
 The orc mummy hits!
 You miss the orc mummy.
 The orc mummy hits!
 What do you want to drink? [m or ?*] m
 You suddenly fall asleep!
 The orc mummy hits!
 You die...
 Do you want your possessions identified? [ynq] (y) n
 Do you want to see your attributes? [ynq] (y) n
 Do you want an account of creatures vanquished? [ynaq] (y) n
 Do you want to see your conduct and achievements? [ynq] (y) n
 Do you want to see the dungeon overview? [ynq] (y) n

Inventory:
 Coins    ('$')
  $ - 1404 gold pieces
 Weapons  (')')
  a - a +2 bullwhip (alternate weapon; not wielded)
 Armor    ('[')
  c - an uncursed +0 fedora
  j - an uncursed +0 orcish helm (being worn)
  b - an uncursed +0 leather jacket (being worn)
 Comestibles  ('%')
  d - 5 uncursed food rations
  n - an uncursed fortune cookie
 Scrolls  ('?')
  i - an uncursed scroll of destroy armor
  l - an uncursed scroll of identify
 Spellbooks  ('+')
  o - an uncursed spellbook of healing
 Tools    ('(')
  h - an empty uncursed sack
  e - a +0 pick-axe (weapon in right hand)
  f - a tinning kit (0:94)
 Gems/Stones  ('*')
  g - an uncursed touchstone

ARFwashere the Archeologist's attributes:

Background:
 You were a Field Worker, a level 3 male dwarven Archeologist.
 You were lawful, nominally on a mission for Quetzalcoatl
 who was opposed by Camaxtli (neutral) and Huhetotl (chaotic).
 You were right-handed.
 You were in the Dungeons of Doom, on level 4.
 You entered the dungeon 1359 turns ago.
 There was a new moon in effect when your adventure ended.
 You had 46 experience points, 34 more were needed to attain level 4.

Basics:
 You had 0 out of 26 hit points.
 You had all 16 energy points (spell power).
 Your armor class was 8.
 Your wallet contained 1404 zorkmids.
 Autopickup was on for '$' plus thrown.

Final Characteristics:
 Your strength was 12 (limit:18/100).
 Your dexterity was 9 (limit:20).
 Your constitution was 13 (limit:20).
 Your intelligence was 16 (limit:16).
 Your wisdom was 16 (limit:16).
 Your charisma was 9 (limit:16).

Final Status:
 You weren't hungry.
 You were unencumbered.
 You were wielding a pick-axe.
 You had basic skill with pick-axe.

Final Attributes:
 You were devoutly aligned.
 You had automatic searching.
 You had infravision.
 You are dead.

Miscellaneous:
 You didn't encounter any bones levels.
 Total elapsed playing time was 8 minutes and 56 seconds.

Major events:
 Turn
    1: ARFwashere the lawful male dwarven Archeologist entered the dungeon
 1214: attained the rank of Field Worker (level 3)
 1359: killed by an orc mummy, while sleeping

You didn't know any spells.

Skills:
 Fighting Skills
   bare handed combat [Unskilled]
   two weapon combat  [Unskilled]
   riding             [Unskilled]
 Weapon Skills
   dagger             [Unskilled]
   knife              [Unskilled]
   pick-axe           [Basic]
   short sword        [Unskilled]
   saber              [Unskilled]
   club               [Unskilled]
   quarterstaff       [Unskilled]
   sling              [Unskilled]
   dart               [Unskilled]
   boomerang          [Unskilled]
   whip               [Basic]
   unicorn horn       [Unskilled]
 Spellcasting Skills
   attack spells      [Unskilled]
   healing spells     [Unskilled]
   divination spells  [Unskilled]
   matter spells      [Unskilled]

Voluntary challenges:
 Character rerolling was not enabled.
 You were an atheist.
 You never genocided any monsters.
 You never polymorphed an object.
 You never changed form.
 You used no wishes.
Achievements:
 You entered a shop.
 You attained the rank of Field Worker.

 The Dungeons of Doom: levels 1 to 5
    Level 1:
       A fountain.
    Level 2:
       A scroll shop, a fountain.
    Level 3:
       Some fountains, a grave.
    Level 4: <- You were here.
       A grave.
       Final resting place for
          you, killed by an orc mummy, while sleeping.
    Level 5:


Vanquished creatures:
 an acid blob
  a large kobold
  a yellow mold
  a green mold
  3 geckos
  5 jackals
  2 goblins
  2 sewer rats
  2 grid bugs
  a lichen
  4 newts
23 creatures vanquished.

No species were genocided or became extinct.

Game over:
                       ----------
                      /          \
                     /    REST    \
                    /      IN      \
                   /     PEACE      \
                  /                  \
                  |    ARFwashere    |
                  |     1404 Au      |
                  | killed by an orc |
                  |      mummy       |
                  |                  |
                  |                  |
                  |       2026       |
                 *|     *  *  *      | *
        _________)/\\_//(\/(/\)/\//\/|_)_______

Goodbye ARFwashere the Archeologist...

You died in The Dungeons of Doom on dungeon level 4 with 1658 points,
and 1404 pieces of gold, after 1359 moves.
You were level 3 with a maximum of 26 hit points when you died.

